 Dungeon Crawl Stone Soup version 0.19.0-11-g3fc08b3 (webtiles) character file.

134 Jerry the Cutter (level 5, -1/26 HPs)
             Began as a Vine Stalker Gladiator on Nov 8, 2016.
             Slain by Zigma's ghost (7 damage)
             ... on level 3 of the Dungeon.
             The game lasted 00:11:20 (2292 turns).

Jerry the Cutter (Vine Stalker Gladiator)           Turns: 2292, Time: 00:11:21

Health: -1/26      AC:  6    Str: 18    XL:     5   Next: 17%
Magic:  0/6        EV: 12    Int:  8    God:
Gold:   118        SH:  0    Dex: 15    Spells: 0 memorised, 4 levels left

rFire  . . .     SeeInvis .     z - +1 dagger (flame)
rCold  . . .     Gourm    .     b - +0 leather armour
rNeg   . . .     Faith    .     (no shield)
rPois  .         Spirit   +     c - +0 helmet
rElec  .         Reflect  .     t - +1 cloak
rCorr  .         Harm     .     (no gloves)
MR     .....                    (no boots)
Stlth  +.........               (no amulet)
                                (no ring)
                                (no ring)

@: no status effects
A: fangs 2, regeneration 1, magic shield, antimagic bite, no device heal 3, rot
immunity
a: no special abilities


You were on level 3 of the Dungeon.
You were hungry.

You visited 1 branch of the dungeon, and saw 4 of its levels.

You collected 118 gold pieces.

Inventory:

Hand Weapons
 a - a +0 rapier
 z - a +1 dagger of flaming (weapon)
Missiles
 d - 3 throwing nets (quivered)
Armour
 b - a +0 leather armour (worn)
 c - a +0 helmet (worn)
 e - a +0 buckler
 t - a +1 cloak (worn)
Scrolls
 j - a scroll of blinking {unknown}
 l - 3 scrolls of random uselessness {unknown}
 o - a scroll of enchant armour {unknown}
 p - 2 scrolls of identify {unknown}
 u - a scroll of fear {unknown}
 x - a scroll of teleportation {unknown}
 y - a scroll of remove curse {unknown}
 A - a scroll of recharging {unknown}
Potions
 i - a potion of beneficial mutation {unknown}
 k - a potion of degeneration {unknown}
 m - a potion of might {unknown}
 n - a potion of lignification {unknown}
 r - 2 potions of brilliance {unknown}
 s - a potion of curing {unknown}
 v - a potion of flight {unknown}
Comestibles
 f - 4 bread rations
 g - a slice of pizza
 h - 3 meat rations
 q - 4 fruits


   Skills:
 - Level 1.8 Fighting
 + Level 3.8 Short Blades
 - Level 1.8 Throwing
 - Level 2.0 Armour
 - Level 2.4 Dodging
 + Level 1.7 Shields


You had 4 spell levels left.
You didn't know any spells.

Dungeon Overview and Level Annotations

Branches:
Dungeon (4/15)
 Temple: D:4-7

Altars:
Dithmenos
Gozag
Nemelex Xobeh
Qazlal

Annotations:
D:3 Zigma's ghost, amateur DrTm


Innate Abilities, Weirdness & Mutations

You have extremely sharp teeth.
Your natural rate of healing is unusually fast.
When hurt, damage is shared between your health and your magic reserves.
Your bite disrupts and absorbs the magic of your enemies.
Potions and wands cannot restore your health.
You are immune to rotting.


Message History

You are feeling hungry.
An adder comes into view.
The adder hisses angrily.
The adder misses you.
You hit the adder. You burn the adder.
The adder is moderately wounded.
The adder bites you but does no damage.
You hit the adder. You burn the adder.
The adder is heavily wounded.
Zigma's ghost screams, "They lied to you.
The Dungeon just goes down and down forever."
The adder bites you.
* * * LOW HITPOINT WARNING * * *
You hit the adder. You burn the adder. Your bite misses the adder.
The adder is severely wounded.
The adder closely misses you. Zigma's ghost hits you.
* * * LOW HITPOINT WARNING * * *
You hit the adder but do no damage. Your bite misses the adder.
The adder is severely wounded.
The adder misses you. Zigma's ghost hits you!
You die...

..........#.......#.....
..............#.8...8.#W....
#............###.....##>....
#.#.........#.###.###.#.##l
#.................#...#.#
#.#..............###..#.#
#.##.#.........#..........$.
#......(....W..#.........#o# # #.
#......S@..............
##.#.####.#..#.####....##.....o
.........#.....W.......$......
#......................##....#
##.###.##.........[..............
.............#.##.......##...o##.
#.......#..#...##.#..#...... ..
#.......+......##.#..#........ #)
#.......#..#...##.............##.


You could see Zigma's ghost and an adder.

Vanquished Creatures
  2 orc wizards
  An adder (D:2)
  3 oozes
  A worm (D:2)
  A leopard gecko (D:3)
  6 bats
  5 giant cockroaches
  5 hobgoblins (D:1)
  8 jackals (D:3)
  6 kobolds
  A quokka (D:3)
  4 frilled lizards
  5 goblins
  5 rats
53 creatures vanquished.

Notes
Turn   | Place    | Note
-------+----------+-------------------------------------------
     0 | D:1      | Jerry the Vine Stalker Gladiator began the quest for the Orb.
     0 | D:1      | Reached XP level 1. HP: 11/11 MP: 2/2
   123 | D:1      | Reached XP level 2. HP: 14/15 MP: 3/3
   188 | D:1      | Reached skill level 1 in Armour
   542 | D:1      | Reached skill level 3 in Short Blades
   795 | D:2      | Reached XP level 3. HP: 12/18 MP: 4/4
  1089 | D:2      | Found a shadowy altar of Dithmenos.
  1399 | D:2      | Found a stormy altar of Qazlal.
  1432 | D:2      | Found a faded altar of an unknown god.
  1792 | D:3      | Noticed Zigma's ghost (amateur DrTm)
  1869 | D:3      | Gained mutation: Your natural rate of healing is unusually fast. [Vine Stalker growth]
  1869 | D:3      | Reached XP level 4. HP: 21/23 MP: 5/5
  1870 | D:3      | Found an opulent altar of Gozag.
  1911 | D:2      | Reached skill level 1 in Shields
  2026 | D:3      | Reached XP level 5. HP: 26/26 MP: 6/6
  2073 | D:3      | Found a sparkling altar of Nemelex Xobeh.
  2292 | D:3      | Slain by Zigma's ghost

Skill      XL: |  1  2  3  4 |
---------------+-------------+-----
Armour         | 1 2 |  2.0
Short Blades   | 3 |  3.8
Shields        | 1 |  1.7
Fighting       | |  1.8
Throwing       | |  1.8
Dodging        | |  2.4

Action                   |  1- 3 |  4- 6 || total
-------------------------+-------+-------++-------
Melee: Rapier            |    90 |    12 ||   102
       Bite              |    21 |    39 ||    60
       Dagger            |       |    99 ||    99
Throw: Throwing net      |     1 |       ||     1
 Stab: Sleeping          |     1 |     1 ||     2
  Eat: Chunk             |     3 |     1 ||     4
Armor: Leather armour    |    26 |    32 ||    58
Dodge: Dodged            |    51 |    74 ||   125
